 Dungeon Crawl Stone Soup version 0.24.0-29-g8ce449bc06 (webtiles) character file.

Game seed: 15553910699551805087, levelgen mode: deterministic

7332 Johnny the Carver (level 10, -4/88 HPs)
             Began as a Troll Berserker on Nov 16, 2019.
             Was a High Priest of Trog.
             Slain by a two-headed ogre
             ... wielding a +0 giant spiked club
              (8 damage)
             ... on level 9 of the Dungeon.
             The game lasted 00:11:42 (6898 turns).

Johnny the Carver (Troll Berserker)                 Turns: 6898, Time: 00:11:43

Health: -4/88      AC:  8    Str: 30    XL:     10   Next: 90%
Magic:  18/18      EV: 13    Int:  3    God:    Trog [*****.]
Gold:   421        SH:  0    Dex:  9    Spells: 9/9 levels left

rFire    . . .     SeeInvis .   B - +2 great sword (freeze) (curse)
rCold    . . .     Gourm    +   (shield currently unavailable)
rNeg     . . .     Faith    .   k - +0 troll leather armour
rPois    .         Spirit   .   (helmet restricted)
rElec    .         Reflect  .   (no cloak)
rCorr    .         Harm     .   (gloves unavailable)
MR       .....                  (boots unavailable)
Stlth    +.........             (no amulet)
HPRegen  1.04/turn              m - ring of magical power
MPRegen  0.16/turn              (no ring)

@: berserk cooldown, slowed, very slow
A: large, unfitting armour, claws 3, fast metabolism 3, gourmand, regeneration
1, shaggy fur 1, tough skin 3
a: Berserk, Trog's Hand, Brothers in Arms, Renounce Religion


You were on level 9 of the Dungeon.
You worshipped Trog.
Trog was extremely pleased with you.
You were completely stuffed.

You visited 2 branches of the dungeon, and saw 10 of its levels.
You also visited: Sewer.

You collected 421 gold pieces.

Inventory:

Hand Weapons
 a - a +0 falchion
 y - a +2 dagger of chaos
 B - a cursed +2 great sword of freezing (weapon)
Armour
 b - a +0 animal skin
 k - a +0 troll leather armour (worn)
 z - a +2 robe of fire resistance
Jewellery
 m - a ring of magical power (left claw)
Wands
 x - a wand of disintegration (11)
 C - a wand of enslavement (1)
Scrolls
 d - 2 scrolls of amnesia {unknown}
 e - 3 scrolls of fear
 f - 2 scrolls of enchant weapon {unknown}
 h - 2 scrolls of remove curse {unknown}
 j - 2 scrolls of immolation {unknown}
 l - a scroll of random uselessness {unknown}
 s - 2 scrolls of magic mapping {unknown}
 t - 2 scrolls of blinking {unknown}
 u - 4 scrolls of fog {unknown}
 v - 3 scrolls of teleportation
 A - a scroll of enchant armour {unknown}
Potions
 g - 3 potions of brilliance
 i - 3 potions of might
 n - 4 potions of curing
 o - a potion of ambrosia
 p - 2 potions of heal wounds
 q - 2 potions of magic
 r - a potion of flight {unknown}
 w - a potion of agility
Comestibles
 c - 15 rations
 D - 3 chunks of flesh


   Skills:
 - Level 2.4 Fighting
 * Level 11.6 Long Blades
 + Level 8.6 Dodging


You had 9 spell levels left.
You didn't know any spells.
Your spell library contained the following spells:

 Spells                   Type           Power        Failure   Level  Hunger
 Magic Dart               Conj           #...         56%         1    ##.....
 Blink                    Tloc           N/A          71%         2    ###....
 Call Imp                 Summ           #.......     71%         2    ###....
 Slow                     Hex            #.......     71%         2    ###....
 Conjure Flame            Conj/Fire      #.......     90%         3    ####...
 Mephitic Cloud           Conj/Pois/Air  #.......     90%         3    ####...


Dungeon Overview and Level Annotations

Branches:
Dungeon (9/15)             Temple (1/1) D:5            Lair (0/6) D:8
  Sewer (visited)
    Orc: D:9-12

Altars:
Fedhas
Hepliaklqana
Kikubaaqudgha
Makhleb
Qazlal
Sif Muna
Trog
Vehumet
Xom
The Shining One

Shops:
D:4 }


Innate Abilities, Weirdness & Mutations

You are too large for most types of armour.
You have claws for hands.
Your metabolism is lightning-fast.
You like to eat raw meat.
Your natural rate of healing is unusually fast.
You are covered in fur. (AC +1)
You have extremely tough skin. (AC +3)


Message History

Trog accepts your kill. The ufetubus closely misses you. x2
A worker ant simulacrum comes into view.
You slash the two-headed ogre! You freeze the two-headed ogre.
The two-headed ogre is moderately wounded.
The two-headed ogre closely misses you.
The two-headed ogre hits you with a +0 giant spiked club!!
You barely miss the two-headed ogre.
The two-headed ogre is moderately wounded.
The two-headed ogre barely misses you.
The two-headed ogre hits you with a +0 giant spiked club!
You slash the two-headed ogre! You freeze the two-headed ogre.
The two-headed ogre is heavily wounded.
The two-headed ogre hits you with a +0 giant spiked club!
The two-headed ogre hits you with a +0 giant spiked club!!
* * * LOW HITPOINT WARNING * * *
The two-headed ogre hits you with a +0 giant spiked club!!
* * * LOW HITPOINT WARNING * * *
The two-headed ogre hits you with a +0 giant spiked club!
You die...

.......).'.###########
.......).#........≈..#
.........#########≈#.######
.........## #≈#.......
..........# #≈########
......[...## ≈≈#
...........# ≈.#
...........# .≈..
#+####....@# .≈≈. ###
#.....O5.$..≈ #..
#######...≈.≈ #.. .Z≈≈≈≈
#.. .≈≈≈≈ #.. ..≈.≈ #..
.≈.≈ #.. ...≈ #.. ###


You could see a two-headed ogre, a worker ant simulacrum and an ufetubus.

Vanquished Creatures
  2 two-headed ogres
  Pikel (D:6)
  2 trolls
  A hippogriff (D:9)
  Eustachio (D:5)
  A human (D:8)
  A hungry ghost (D:8)
  Edmund (D:4)
  5 orc warriors
  A phantom (D:6)
  4 ice beasts
  A black bear (D:7)
  2 slaves (D:6)
  2 necrophages
  2 ogres
  3 centaurs
  3 wolves (D:8)
  A big kobold (D:8)
  5 bullfrogs
  A gnoll sergeant (D:7)
  A scorpion (D:6)
  3 killer bees (D:8)
  3 wights (D:8)
  4 howler monkeys
  2 electric eels (D:8)
  2 bullfrog zombies
  2 crimson imps (D:5)
  5 hounds
  A bullfrog skeleton (D:8)
  A jelly (D:8)
  A centaur skeleton (D:7)
  5 orc priests
  3 iguanas
  2 worker ants
  9 orc wizards
  A bullfrog simulacrum (D:9)
  A hound zombie (D:2)
  A hound skeleton (D:6)
  A worker ant zombie (D:7)
  8 gnolls
  17 adders
  5 river rats (Sewer)
  2 shadow imps
  A white imp (D:9)
  2 oozes
  2 adder skeletons
  3 worms
  7 leopard geckos
  27 orcs
  5 bats
  5 giant cockroaches
  11 hobgoblins
  3 jackals (D:1)
  7 quokkas
  16 ball pythons
  4 frilled lizards
  A giant cockroach zombie (D:6)
  8 goblins
  A jackal skeleton (D:4)
  14 kobolds
  33 rats
270 creatures vanquished.

Vanquished Creatures (collateral kills)
  Prince Ribbit (D:6)
  Duvessa (D:6)
  An orc warrior (D:6)
  Blork the orc (D:6)
  Dowan (D:6)
  2 orc priests
  A worker ant (D:6)
  7 orcs
15 creatures vanquished.

Vanquished Creatures (others)
  A hobgoblin (D:2)
1 creature vanquished.

Grand Total: 286 creatures vanquished

Notes
Turn   | Place    | Note
-------+----------+-------------------------------------------
     0 | D:1      | Johnny the Troll Berserker began the quest for the Orb.
     0 | D:1      | Reached XP level 1. HP: 22/22 MP: 0/0
    95 | D:1      | Reached XP level 2. HP: 28/29 MP: 1/1
   166 | D:1      | Reached skill level 3 in Long Blades
   259 | D:1      | Reached XP level 3. HP: 34/36 MP: 2/2
   960 | D:2      | Reached ** piety under Trog
  1057 | D:2      | Reached XP level 4. HP: 23/44 MP: 3/3
  1137 | D:2      | Found a hazy altar of Hepliaklqana.
  1204 | D:2      | Reached skill level 4 in Long Blades
  1228 | D:2      | Reached XP level 5. HP: 24/50 MP: 4/4
  1707 | D:2      | Found a glowing golden altar of the Shining One.
  1973 | D:3      | Reached *** piety under Trog
  2379 | D:4      | Found a glowing drain.
  2379 | D:4      | Noticed Edmund
  2413 | D:4      | Killed Edmund
  2413 | D:4      | Reached skill level 5 in Long Blades
  2413 | D:4      | Reached XP level 6. HP: 50/59 MP: 5/5
  2432 | Sewer    | Entered a sewer
  2632 | Sewer    | Reached **** piety under Trog
  2741 | Sewer    | Reached XP level 7. HP: 24/66 MP: 6/6
  2911 | D:4      | Found a stormy altar of Qazlal.
  2918 | D:4      | Found Hutust's Gadget Emporium.
  2949 | D:4      | Reached skill level 6 in Long Blades
  3124 | D:4      | Found a shimmering blue altar of Sif Muna.
  3315 | D:5      | Entered Level 5 of the Dungeon
  3389 | D:5      | Found a burning altar of Makhleb.
  3391 | D:5      | Found a shimmering altar of Xom.
  3508 | D:5      | Found a staircase to the Ecumenical Temple.
  3532 | D:5      | Noticed Eustachio
  3549 | Temple   | Entered the Ecumenical Temple
  3578 | D:5      | Killed Eustachio
  3578 | D:5      | Reached skill level 7 in Long Blades
  3578 | D:5      | Reached skill level 5 in Dodging
  3578 | D:5      | Reached XP level 8. HP: 54/74 MP: 7/7
  3632 | D:5      | Reached ***** piety under Trog
  4116 | D:6      | Reached skill level 8 in Long Blades
  4199 | D:6      | Noticed Pikel
  4221 | D:6      | Killed Pikel
  4221 | D:6      | Reached XP level 9. HP: 80/80 MP: 8/8
  4456 | D:6      | Noticed Prince Ribbit
  4458 | D:6      | Reached skill level 9 in Long Blades
  4469 | D:6      | Noticed Dowan
  4472 | D:6      | Killed Dowan
  4475 | D:6      | Noticed Blork the orc
  4477 | D:6      | Killed Blork the orc
  4479 | D:6      | Killed Prince Ribbit
  4481 | D:6      | Noticed Duvessa
  4483 | D:6      | Killed Duvessa
  4932 | D:6      | Found an ancient bone altar of Kikubaaqudgha.
  5409 | D:7      | Found a bloodstained altar of Trog.
  5409 | D:7      | Found a blossoming altar of Fedhas.
  5410 | D:7      | Found a radiant altar of Vehumet.
  5598 | D:7      | Reached skill level 10 in Long Blades
  5831 | D:8      | Noticed a troll
  5854 | D:8      | Killed a troll
  5854 | D:8      | Reached XP level 10. HP: 30/88 MP: 9/9
  6092 | D:8      | Noticed a two-headed ogre
  6115 | D:8      | Killed a two-headed ogre
  6282 | D:8      | Reached skill level 11 in Long Blades
  6284 | D:8      | Found a staircase to the Lair.
  6637 | D:9      | Noticed a two-headed ogre
  6641 | D:9      | Killed a two-headed ogre
  6891 | D:9      | Noticed a two-headed ogre
  6898 | D:9      | HP: 4/88 [two-headed ogre/+0 giant spiked club (22)]
  6898 | D:9      | Slain by a two-headed ogre

Levels and vault maps discovered:
D:1:      minmay_arrival_up_and_down, layout_basic, serial_bayou_pond_d,
          st_stairs_9, lemuel_flame_loot_1
D:2:      layout_loops_cross, lemuel_doored_altar, lemuel_coloured_pillars_altar
D:3:      layout_loops_ring, first_ration
D:4:      layout_cave_pools, lemuel_crystal_altar, led_sif_pool, serial_shops,
          shop_statue, cheibrodos_sewer_entry_drain, uniq_edmund
D:5:      layout_gridville, grunt_temple_overflow_champion_of_chaos,
          minmay_temple_entry_water_ring, fountainhead, uniq_eustachio
D:6:      layout_basic, kiku_gazebo_garden_becter, uniq_blork_the_orc,
          uniq_pikel, uniq_prince_ribbit1, uniq_duvessa
D:7:      layout_loops_cross, gammafunk_temple_overflow_claw
D:8:      layout_basic, erik_lair_island, grunt_pizzeria
D:9:      layout_roguey, serial_ice, serial_ice_a, serial_ice_h, serial_ice_k,
          serial_ice_f, serial_ice_e, serial_ice_n, serial_ice_o, serial_ice_d,
          serial_ice_c, serial_ice_g, hangedman_tell_no_tales
Temple:   minmay_temple_bridge_abc

Skill      XL: |  1  2  3  4  5  6  7  8  9 10 |
---------------+-------------------------------+-----
Long Blades    | 3 4 5 7 8 10 11 | 11.6
Dodging        | 3 4 5 6 7 8 |  8.6
Fighting       | |  2.4

Action                   |  1- 3 |  4- 6 |  7- 9 | 10-12 || total
-------------------------+-------+-------+-------+-------++-------
Melee: Falchion          |   103 |   316 |   429 |     6 ||   854
       Great sword       |       |       |       |   125 ||   125
Invok: Berserk           |     2 |     3 |    11 |     4 ||    20
       Brothers in Arms  |       |       |     2 |     1 ||     3
       Trog's Hand       |       |       |     1 |       ||     1
Evoke: Wand              |       |       |     8 |     2 ||    10
  Use: Potion            |       |       |     5 |     1 ||     6
       Scroll            |       |       |     6 |     3 ||     9
 Stab: Sleeping          |     1 |     1 |       |       ||     2
  Eat: Chunk             |    15 |    21 |    34 |    24 ||    94
       Ration            |       |       |     1 |       ||     1
Armor: Animal skin       |    51 |   146 |   109 |       ||   306
       Robe              |       |       |    55 |     1 ||    56
       Troll leather arm |       |       |       |    34 ||    34
Dodge: Dodged            |    82 |   248 |   304 |    81 ||   715
       Rpst.: Falchion   |    32 |    84 |    73 |     1 ||   190
       Great sword       |       |       |       |    24 ||    24
